 Dungeon Crawl Stone Soup version 0.22-a0-815-gb582571 (webtiles) character file.

80 iamserjio the Conjurer (level 4, 0/24 HPs)
             Began as a Tengu Fire Elementalist on July 23, 2018.
             Slain by an orc
             ... wielding a cursed -3 trident
              (3 damage)
             ... on level 3 of the Dungeon.
             The game lasted 00:06:10 (881 turns).

iamserjio the Conjurer (Tengu Fire Elementalist)     Turns: 881, Time: 00:06:11

Health: 0/24       AC:  4    Str:  8    XL:     4   Next: 39%
Magic:  1/8        EV: 12    Int: 17    God:
Gold:   97         SH:  0    Dex: 14    Spells: 6/7 levels left

rFire    . . .     SeeInvis .   p - +0 spear
rCold    + . .     Gourm    .   (no shield)
rNeg     . . .     Faith    .   a - +0 robe
rPois    .         Spirit   .   e - +2 hat
rElec    .         Reflect  .   (no cloak)
rCorr    .         Harm     .   (no gloves)
MR       +....                  (boots unavailable)
Stlth    ++........             (no amulet)
HPRegen  0.08/turn              m - ring of protection from magic
MPRegen  0.11/turn              f - ring of protection from cold

@: no status effects
A: beak, talons 3
a: no special abilities


You were on level 3 of the Dungeon.
You were very hungry.

You visited 1 branch of the dungeon, and saw 3 of its levels.

You collected 97 gold pieces.

Inventory:

Hand Weapons
 g - a +0 falchion
 h - a +0 club
 p - a +0 spear (weapon)
 q - a +0 rapier
Missiles
 l - a stone (quivered)
Armour
 a - a +0 robe (worn)
 e - a +2 hat (worn)
Jewellery
 f - a ring of protection from cold (right hand)
 m - a ring of protection from magic (left hand)
 s - an uncursed ring of flight
Scrolls
 b - a scroll of blinking {unknown}
 d - 3 scrolls of remove curse {unknown}
Potions
 i - a potion of invisibility {unknown}
 j - a potion of degeneration {unknown}
 k - a potion of mutation {unknown}
 n - a potion of haste {unknown}
 o - a potion of curing {unknown}
 r - a potion of agility {unknown}
Comestibles
 c - 5 rations


   Skills:
 - Level 2.1 Dodging
 - Level 2.0 Stealth
 - Level 2.0 Spellcasting
 + Level 4.4 Conjurations
 + Level 4.2 Fire Magic


You had 6 spell levels left.
You knew the following spells:

 Your Spells              Type           Power        Failure   Level  Hunger
a - Flame Tongue          Conj/Fire      ###..        3%          1    #......

Your spell library contained the following spells:

 Spells                   Type           Power        Failure   Level  Hunger
 Fireball                 Conj/Fire      ###.......   65%         5    ######.
 Conjure Flame            Conj/Fire      ###.....     10%         3    ###....
 Throw Flame              Conj/Fire      ###...       4%          2    ###....
 Sticky Flame             Conj/Fire      ###.....     32%         4    #####..
 Inner Flame              Hex/Fire       #.......     24%         3    ###....


Dungeon Overview and Level Annotations

Branches:
Dungeon (3/15)

Altars:
The Shining One


Innate Abilities, Weirdness & Mutations

You have a beak for a mouth.
You have claws for feet.


Message History

The giant cockroach is severely wounded.
You are feeling very hungry.
The giant cockroach closely misses you.
Casting: Flame Tongue (safe; 3% risk of failure)
Confirm with . or Enter, or press ? or * to list all spells.
Aiming: Flame Tongue (safe; 3% risk of failure)
Press: ? - help, Shift-Dir - straight line, f/p - giant cockroach
Aim: a giant cockroach (severely wounded, clinging)
The flame tongue hits the giant cockroach.
You kill the giant cockroach!
The orc hits you from afar with a trident.
* * * LOW HITPOINT WARNING * * *
Casting: Flame Tongue (safe; 3% risk of failure)
Confirm with . or Enter, or press ? or * to list all spells.
Aiming: Flame Tongue (safe; 3% risk of failure)
Press: ? - help, Shift-Dir - straight line, f - orc
Aim: an orc, wielding a trident and wearing a ring mail The flame tongue misses the orc.
The orc hits you from afar with a trident.
You die...

#.
..o............
..# #o.# #.#
#..# #.# #..#
#.# #..# #.#
#o.# #.########
#..#
#.......>####o.#
#.######...@)..#
######.#
######.##
.<....<# #...#
######## #.###
#.# #.# #.#
####.# #....#


You could see an orc.

Vanquished Creatures
  A bullfrog skeleton (D:2)
  2 adders
  3 dart slugs (D:1)
  3 orcs (D:3)
  A ball python (D:1)
  3 giant cockroaches
  2 hobgoblins
  4 jackals (D:2)
  4 bats
  3 frilled lizards
  A goblin (D:1)
  A kobold (D:1)
  2 rats
30 creatures vanquished.

Notes
Turn   | Place    | Note
-------+----------+-------------------------------------------
     0 | D:1      | iamserjio the Tengu Fire Elementalist began the quest for the Orb.
     0 | D:1      | Reached XP level 1. HP: 10/10 MP: 4/4
   118 | D:1      | Reached XP level 2. HP: 15/15 MP: 3/6
   177 | D:1      | Found a glowing golden altar of the Shining One.
   566 | D:2      | Reached XP level 3. HP: 10/19 MP: 5/7
   740 | D:2      | Reached XP level 4. HP: 18/24 MP: 0/8
   881 | D:3      | Slain by an orc

Vault maps used:
D:1:      minmay_arrival_nine_rooms, amethyst_killhole, minmay_misc_feat_chi,
          tso_metal_star
D:2:      first_ration
D:3:      chequers_temple_overflow_minitemple, uniq_robin

Skill      XL: |  1  2  3 |
---------------+----------+-----
Conjurations   | 2 3 4 |  4.4
Fire Magic     | 4 |  4.2
Dodging        | |  2.1
Stealth        | |  2.0
Spellcasting   | |  2.0

Action                   |  1- 3 |  4- 6 || total
-------------------------+-------+-------++-------
Melee: Spear             |    22 |     2 ||    24
       Club              |     4 |       ||     4
       Unarmed           |     2 |       ||     2
       Kick              |     3 |       ||     3
       Peck              |     1 |       ||     1
 Cast: Flame Tongue      |    50 |    15 ||    65
  Use: Scroll            |     2 |       ||     2
       Potion            |     2 |       ||     2
Armor: Robe              |    25 |     1 ||    26
Dodge: Dodged            |    46 |     5 ||    51

Table legend:
 A = Spawn XP
 B = Non-spawn XP
 C = Spawn XP percentage of total XP
 D = Spawn monster count
 E = Non-spawn monster count
 F = Spawn count percentage of total count
 G = Total turns spent on level
                    A         B        C        D         E        F      G
               +---------+---------+-------+---------+---------+-------+---------
         Total |       0 |     115 |   0.0 |       0 |      30 |   0.0 |   881
               +---------+---------+-------+---------+---------+-------+---------
           D:1 |       0 |      25 |   0.0 |       0 |      13 |   0.0 |   493
           D:2 |       0 |      65 |   0.0 |       0 |      11 |   0.0 |   268
           D:3 |       0 |      25 |   0.0 |       0 |       6 |   0.0 |   120
               +---------+---------+-------+---------+---------+-------+---------
